 Dungeon Crawl Stone Soup version 0.29-a0-1019-g84f7d21 (webtiles) character file.

Game seed: 10757935393662345531

2 Illumine the Scratcher (level 1, -3/9 HPs)
             Began as a Felid Transmuter on Aug 10, 2022.
             Frozen to death by an endoplasm (5 damage)
             ... on level 1 of the Dungeon.
             The game lasted 00:00:14 (33 turns).

Illumine the Scratcher (Felid Transmuter)             Turns: 33, Time: 00:00:15

Health: -3/9       AC:  1    Str:  6    XL:     1   Next: 33%
Magic:  3/4        EV: 17    Int: 14    God:
Gold:   0          SH:  0    Dex: 16    Spells: 3/4 levels left
                                        Lives:  0   Deaths: 0

rFire   . . .      SeeInvis +     - Unarmed
rCold   . . .      Faith    .   (shield unavailable)
rNeg    . . .      Spirit   .   (body armour unavailable)
rPois   .          Reflect  .   (helmet unavailable)
rElec   .          Harm     .   (cloak unavailable)
rCorr   .          Rampage  .   (gloves unavailable)
Will    .....                   (boots unavailable)
Stlth   +.........              (no amulet)
HPRegen 0.03/turn               (no ring)
MPRegen 0.09/turn               (no ring)

@: appendages, quick
A: horns 2, very small, claws 1, fangs 3, see invisible, speed 1, shaggy fur 1,
stealthy paws, no weapons or thrown items, no armour, multi-lived
a: End Transformation


You were on level 1 of the Dungeon.
You had temporarily grown beastly horns.
You visited 1 branch of the dungeon, and saw 1 of its levels.

Inventory:

Potions
 a - a potion of lignification


   Skills:
 - Level 1.0 Fighting
 - Level 2.6 Dodging
 + Level 3.0 Unarmed Combat
 + Level 2.0 Spellcasting
 + Level 2.3 Transmutations


You had 3 spell levels left.
You knew the following spells:

 Your Spells              Type           Power      Damage    Failure   Level
a - Beastly Appendage     Tmut           14%        N/A       10%         1

Your spell library contained the following spells:

 Spells                   Type           Power      Damage    Failure   Level
 Wereblood                Tmut           7%         N/A       14%         2
 Spider Form              Tmut/Pois      4%         N/A       41%         3
 Ice Form                 Ice/Tmut       4%         N/A       82%         4


Dungeon Overview and Level Annotations

Branches:
Dungeon (1/15)

Altars:


Innate Abilities, Weirdness & Mutations

You have temporarily grown beastly horns.
You have sharp claws.
You have razor-sharp teeth.
You have supernaturally acute eyesight. (SInv)
You cover ground quickly. (Speed+)
You are covered in fur. (AC +1)
Your paws help you pounce on unaware monsters.
You are incapable of wielding weapons or throwing items.
You cannot wear armour.
You gain extra lives every three experience levels.


Message History

You grow a pair of large bovine horns.
You scratch the goblin. Your headbutt misses the goblin.
The goblin is severely wounded.
The goblin misses you.
You scratch the goblin but do no damage.
You headbutt the goblin, but do no damage.
The goblin is severely wounded.
The goblin misses you.
You scratch the goblin.
You kill the goblin!
A hobgoblin comes into view.
Things that are here:
a +0 club; a goblin corpse Unknown command.
The hobgoblin shouts!
An endoplasm comes into view.
The endoplasm moves out of view.
Found 4 poisoned darts and 2 sedimented dark potions.
You claw the hobgoblin!
You kill the hobgoblin!
An endoplasm is nearby!
Your transformation is almost over.
The endoplasm quivers.
You scratch the endoplasm but do no damage.
Your headbutt misses the endoplasm. The endoplasm freezes you.
You are frozen.
Ouch! That really hurt!
You barely miss the endoplasm. The endoplasm closely misses you.
You scratch the endoplasm but do no damage.
The endoplasm freezes you.
You are frozen.
* * * LOW HITPOINT WARNING * * *
Casting: Beastly Appendage (safe; 10% risk of failure)
Confirm with . or Enter, or press ? or * to list all spells.
You extend your transformation's duration.
The endoplasm freezes you.
You are frozen.
Ouch! That really hurt!
You die...

#.........'............#
#........##..........#.#
.........#..♣)♣.♣.♣.....
.8.#######..............
...# ................#
#### ...............##
................#
................#
#####.....#@J####
..####.##..# #. ...
..... ##. #.....# (.
!....# ## ...... ####.#
.#


You could see an endoplasm.

Vanquished Creatures
  A goblin (D:1)
  A hobgoblin (D:1)
2 creatures vanquished.

Notes
Turn   | Place    | Note
-------+----------+-------------------------------------------
     0 | D:1      | Illumine the Felid Transmuter began the quest for the Orb.
     0 | D:1      | Reached XP level 1. HP: 9/9 MP: 4/4
    33 | D:1      | Frozen to death by an endoplasm

Illustrated notes

Levels and vault maps discovered:
D:1:      wander_arrival_estate, layout_rooms, serial_forest,
          infiniplex_forest_straight_2, infiniplex_forest_lined_4_way,
          infiniplex_forest_clump_cross, infiniplex_forest_lined_3,
          infiniplex_forest_zigzag_1, infiniplex_forest_end_3,
          infiniplex_forest_lined_4_way, hellmonk_ecumenical_altar_arch_garden,
          minmay_misc_feat_roman

Action                   || total
-------------------------++-------
Melee: Unarmed           ||     7
       Headbutt          ||     1
 Cast: Beastly Appendage ||     2
Dodge: Dodged            ||     3

Table legend: (Time is in decaauts)
 A = Elapsed time spent in this place.
 B = Non-inter-level travel time spent in this place.
 C = Inter-level travel time spent in this place.
 D = Time resting spent in this place.
 E = Time spent auto-exploring this place.
 F = Levels seen in this place.
 G = Mean time per level.
                   A        B        C        D        E       F      G
               +--------+--------+--------+--------+--------+-----+--------+
         Total |     27 |     27 |      0 |      0 |     10 |   1 |   27.0 |
       Dungeon |     27 |     27 |      0 |      0 |     10 |   1 |   27.0 |
               +--------+--------+--------+--------+--------+-----+--------+

Top non-repeatable levels by time:
     D:1: 27 daAuts
